 Dungeon Crawl Stone Soup version 0.30-a0-149-g7f746667c4 (webtiles) character file.

Game seed: 10662030012346754115

549557 nono the Slayer (level 27, 0/188 HPs)
             Began as a Kobold Fighter on Sept 20, 2022.
             Was a High Priest of Okawaru.
             Succumbed to a golden dragon's poison gas
             ... on level 5 of the Realm of Zot on Sept 26, 2022.
             The game lasted 04:34:19 (72550 turns).

nono the Slayer (Kobold Fighter)                   Turns: 72550, Time: 04:34:20

Health: 0/188      AC: 45    Str: 25      XL:     27
Magic:  23/27      EV: 28    Int:  8      God:    Okawaru [*****.]
Gold:   2991       SH:  0    Dex: 19 (20) Spells: 26/26 levels left

rFire   + . .      SeeInvis .    a - +9 eveningstar (freeze)
rCold   + + .      Faith    +    I - +0 kite shield {AC+3}
rNeg    + + .      Spirit   .    X - +10 pearl dragon scales
rPois   +          Reflect  .    v - +2 hood of the Assassin {Detection Stab+ Stlth++}
rElec   +          Harm     .    O - +0 cloak "Hero's Friend" {Will+ Regen+}
rCorr   .          Rampage  .    s - +2 pair of gloves of Niutuisi {rC+}
Will    +++..      Rnd*Tele +    w - +0 pair of boots
Stlth   ++........               c - amulet "Xitrom Qula" {Faith rElec rC+ Dex+6}
HPRegen 1.21/turn                W - ring of Qikutih {rF+ rN+}
MPRegen 0.20/turn                t - ring of poison resistance

@: confused, mighty, lethally poisoned (0 -> -14), heroic, finesse-ful, studying
Short Blades, silenced, unable to drink
A: small, no large weapons, nightstalker 3, iridescent scales 1, clumsy 1,
deterioration 1, dopey 1, low MP 1, teleportitis 1, subdued magic 1, inability
to drink after injury 1
0: Orb of Zot
}: 3/15 runes: decaying, serpentine, silver
a: Renounce Religion


You were on level 5 of the Realm of Zot.
You worshipped Okawaru.
Okawaru was extremely pleased with you.
You visited 11 branches of the dungeon, and saw 51 of its levels.
You visited 1 bazaar.
You also visited: Gauntlet.

You collected 7139 gold pieces.
You spent 4148 gold pieces at shops.

Inventory:

Hand Weapons
 a - a +9 eveningstar of freezing (weapon)
 b - the +5 hand crossbow of Fumumiv {speed, rElec rPois rF+ rCorr SInv}
   (Okawaru gifted it to you on level 3 of the Crypt)

   Attacks with this weapon are significantly faster.
   rF:        It protects you from fire.
   rElec:     It insulates you from electricity.
   rPois:     It protects you from poison.
   SInv:      It lets you see invisible.
   rCorr:     It protects you from acid and corrosion.
Missiles
 m - a throwing net (quivered)
Armour
 s - the +2 pair of gloves of Niutuisi (worn) {rC+}
   (Okawaru gifted it to you on level 3 of the Vaults)

   rC:        It protects you from cold.
 v - the +2 hood of the Assassin (worn) {Detection Stab+ Stlth++}
   (Okawaru gifted it to you in a Gauntlet)

   It allows the wearer to sense nearby creatures.
   It allows the wearer to make particularly effective stabbing attacks against
   helpless or unaware enemies with any weapon.
   Stlth:     It makes you much more stealthy.
 w - a +0 pair of boots (worn)
 I - a +0 kite shield of protection (worn)
 N - a scarf of resistance
 O - the +0 cloak "Hero's Friend" (worn) {Will+ Regen+}
   (Okawaru gifted it to you on level 2 of the Elven Halls)

   Regen:     It increases your rate of health regeneration.
   Will:      It increases your willpower.
 S - the +1 kite shield "Xeonitz" {rN+}
   (You acquired it on level 3 of the Depths)

   rN:        It protects you from negative energy.
 X - +10 pearl dragon scales (worn)
 Y - a +2 cloak of preservation
Jewellery
 c - the amulet "Xitrom Qula" (around neck) {Faith rElec rC+ Dex+6}
   (You bought it in a shop in a bazaar)

   [amulet of faith]

   It allows you to gain divine favour quickly.
   Dex:       It affects your dexterity (+6).
   rC:        It protects you from cold.
   rElec:     It insulates you from electricity.
 g - an amulet of regeneration
 h - the ring "Yras" {Ice rElec rPois Dex-4 Stlth-}
   (You took it off a wizard on level 4 of the Vaults)

   [ring of ice]

   It enhances your ice magic.
   Dex:       It affects your dexterity (-4).
   rF:        It makes you vulnerable to fire.
   rC:        It protects you from cold.
   rElec:     It insulates you from electricity.
   rPois:     It protects you from poison.
   Stlth:     It makes you less stealthy.
 p - a ring of protection from cold
 t - a ring of poison resistance (right hand)
 x - the amulet of Twilight {Reflect rPois rC+ SH+5 SInv}
   (You found it on level 3 of the Elven Halls)

   [amulet of reflection]

   It reflects blocked missile attacks.
   rC:        It protects you from cold.
   rPois:     It protects you from poison.
   SInv:      It lets you see invisible.
   SH:        It affects your SH (+5).
 y - a ring of see invisible
 E - an amulet of the acrobat
 G - a ring of protection from cold
 H - the ring of the Tortoise {AC+8}
   (You took it off an ironbound convoker on level 5 of the Vaults)

   [ring of protection]

   AC:        It affects your AC (+8).
 M - a ring of willpower
 Q - the ring "Nulosil" {rElec rN+ Dex-2 SInv Stlth+}
   (You found it on level 3 of the Crypt)

   [ring of positive energy]

   Dex:       It affects your dexterity (-2).
   rElec:     It insulates you from electricity.
   rN:        It protects you from negative energy.
   SInv:      It lets you see invisible.
   Stlth:     It makes you more stealthy.
 R - a ring of protection from fire
 T - a ring of positive energy
 V - the ring "Lauhu" {Fire Str+7 Dex+2 Slay-5}
   (You found it in a Gauntlet)

   [ring of fire]

   It enhances your fire magic.
   Str:       It affects your strength (+7).
   Dex:       It affects your dexterity (+2).
   Slay:      It affects your accuracy & damage with ranged weapons and melee
   (-5).
   rF:        It protects you from fire.
   rC:        It makes you vulnerable to cold.
 W - the ring of Qikutih (left hand) {rF+ rN+}
   (You found it on level 3 of the Crypt)

   [ring of positive energy]

   rF:        It protects you from fire.
   rN:        It protects you from negative energy.
Wands
 d - a wand of light (36)
Scrolls
 e - a scroll of enchant armour
 j - 24 scrolls of teleportation
 u - 27 scrolls of identify
 z - 2 scrolls of enchant weapon
 A - 4 scrolls of magic mapping
 C - 2 scrolls of brand weapon
 D - 2 scrolls of silence
 F - 4 scrolls of immolation
 K - 7 scrolls of blinking
 L - 3 scrolls of fear
 P - 8 scrolls of poison
Potions
 f - 7 potions of heal wounds
 i - 6 potions of ambrosia
 k - 9 potions of attraction
 l - 12 potions of haste
 n - 2 potions of magic
 o - 3 potions of invisibility
 q - 9 potions of mutation
 r - 4 potions of might
 B - 12 potions of flight
 J - 14 potions of curing
 U - 7 potions of cancellation
 Z - 4 potions of berserk rage


   Skills:
 * Level 23.5(27) Fighting
 - Level 1.3(6.3) Short Blades
 * Level 19.7(24.7) Maces & Flails
 - Level 0.9(5.9) Polearms
 + Level 13.9(18.9) Ranged Weapons
 * Level 17.6(22.6) Armour
 - Level 18.0(23.0) Dodging
 - Level 20.7(25.7) Stealth
 * Level 17.6(22.6) Shields
 - Level 10.0 Invocations
 - Level 4.6 Evocations


You had 26 spell levels left.
You didn't know any spells.
Your spell library contained the following spells:

 Spells                   Type           Power      Damage    Failure   Level
 Apportation              Tloc           0%         N/A       67%         1
 Beastly Appendage        Tmut           0%         N/A       67%         1
 Magic Dart               Conj           0%         1d3       67%         1
 Necrotise                Necr           0%         1d4       67%         1
 Sandblast                Erth           0%         2d4       67%         1
 Cigotuvi's Dreadful Rot  Necr/Pois/Air  0%         N/A       80%         2
 Ensorcelled Hibernation  Hex/Ice        0%         N/A       80%         2
 Passwall                 Tmut/Erth      0%         N/A       80%         2
 Searing Ray              Conj           0%         2d4       80%         2
 Wereblood                Tmut           0%         N/A       80%         2
 Confusing Touch          Hex            0%         N/A       96%         3
 Dazzling Flash           Conj/Hex       0%         N/A       96%         3
 Gell's Gravitas          Tloc           0%         N/A       96%         3
 Ignite Poison            Fire/Tmut/Pois 0%         N/A       96%         3
 Lesser Beckoning         Tloc           0%         N/A       96%         3
 Mephitic Cloud           Conj/Pois/Air  0%         N/A       96%         3
 Portal Projectile        Hex/Tloc       0%         N/A       96%         3
 Spider Form              Tmut/Pois      0%         N/A       96%         3
 Stone Arrow              Conj/Erth      0%         3d7       96%         3
 Teleport Other           Tloc           0%         N/A       96%         3
 Anguish                  Hex/Necr       0%         N/A       100%        4
 Cause Fear               Hex            0%         N/A       100%        4
 Dispel Undead            Necr           0%         3d6       100%        4
 Fulminant Prism          Conj/Hex       0%         3d6       100%        4
 Alistair's Intoxication  Tmut/Pois      0%         N/A       100%        5
 Blade Hands              Tmut           0%         N/A       100%        5
 Borgnjor's Vile Clutch   Necr/Erth      0%         N/A       100%        5
 Fireball                 Conj/Fire      0%         3d3       100%        5
 Freezing Cloud           Conj/Ice/Air   0%         6-21      100%        5
 Irradiate                Conj/Tmut      0%         3d11      100%        5
 Yara's Violent Unravell  Hex/Tmut       0%         3d3       100%        5
 Eringya's Noxious Bog    Tmut/Pois      0%         N/A       100%        6
 Iron Shot                Conj/Erth      0%         9d1       100%        6
 Starburst                Conj/Fire      0%         6d3       100%        6
 Dragon Form              Tmut           0%         N/A       100%        7
 Enfeeble                 Hex            0%         N/A       100%        7
 Storm Form               Tmut/Air       0%         N/A       100%        7
 Ignition                 Fire           0%         3d3       100%        8
 Polar Vortex             Ice            0%         N/A       100%        9
 Summon Small Mammal      Summ           Unusable   N/A       N/A         1
 Call Imp                 Summ           Unusable   N/A       N/A         2
 Tukima's Dance           Hex            Unusable   N/A       N/A         3
 Animate Armour           Summ/Erth      Unusable   N/A       N/A         4
 Animate Dead             Necr           Unusable   N/A       N/A         4
 Death Channel            Necr           Unusable   N/A       N/A         6
 Simulacrum               Ice/Necr       Unusable   N/A       N/A         6
 Dragon's Call            Summ           Unusable   N/A       N/A         9

Dungeon Overview and Level Annotations

Branches:
Dungeon (15/15)            Temple (1/1) D:4            Lair (5/5) D:10
  Swamp (4/4) Lair:3        Snake (4/4) Lair:2        Slime (0/5) Lair:5
    Orc (2/2) D:9             Elf (3/3) Orc:2        Vaults (5/5) D:13
  Crypt (3/3) Vaults:3       Tomb (0/3) Crypt:3      Depths (4/4) D:15
    Zot (5/5) Depths:4    Gauntlet (visited)

Altars:
Ashenzari
Cheibriados
Dithmenos
Elyvilon
Fedhas
Gozag
Hepliaklqana
Kikubaaqudgha
Makhleb
Nemelex Xobeh
Okawaru
Qazlal
Ru
Sif Muna
Trog
Uskayaw
Vehumet
Wu Jian
Xom
Yredelemnul
Zin
The Shining One
Jiyva
Lugonu

Shops:
D:8 [   D:9 !   D:12 !?:   Orc:2 [!((   Elf:3 *   Snake:4 =   Vaults:1 (
Vaults:2 *   Depths:3 =:=

Portals:
Hell: Depths:1 Depths:2 Depths:3
Abyss: Depths:2 Depths:3 Depths:4
Pandemonium: Depths:2
Ziggurat: Depths:2
Trove: D:15 (give +3 gold dragon scales)

Annotations:
D:7 exclusion: ice statue
Depths:4 exclusion: hell hog
Zot:5 exclusion: obsidian statue


Innate Abilities, Weirdness & Mutations

You are small and have problems with some larger weapons.
You are completely attuned to the shadows.
You are partially covered in iridescent scales. (AC +2)
You are clumsy. (Dex -2)
Your body sometimes deteriorates upon taking damage.
You are dopey. (Int -2)
Your magical capacity is low. (-10% MP)
You are occasionally teleported next to monsters.
Your spells are a little easier to cast, but a little less powerful.
You occasionally lose the ability to drink potions when taking damage.


Message History

Wugum gestures.
Wugum's surroundings become eerily quiet.
Wugum gestures.
The Hell Sentinel gestures at you.
The sphere of damnation explodes!
The damnation engulfs you!!!
Your body deteriorates!
You feel clumsy.
The golden dragon breathes poison at you.
The blast of poison engulfs you but does no damage.
You are poisoned.
The Hell Sentinel gestures at you.
The sphere of damnation explodes!
The damnation engulfs you!!
You feel threatened and lose the ability to drink potions!
* * * LOW HITPOINT WARNING * * *
Magic scrolls do not work when you're silenced!
You cannot drink potions in your current state!
You cannot drink potions in your current state!
Okay, then.
Okay, then.
You cannot drink potions in your current state!
Magic scrolls do not work when you're silenced!
Okay, then.
Okay, then.
You're wearing all the rings you can.
Remove which one? (? for menu, Esc to cancel) < or
W - the ring of Qikutih {rF+ rN+}; > or
R - a ring of protection from fire You remove your ring of protection from fire.
You are engulfed in poison gas.
You are more poisoned.
* * * LOW HITPOINT WARNING * * *
You feel very sick.
Wugum gestures.
You are confused.
t - a ring of poison resistance (right hand)
You feel very sick. The Hell Sentinel gestures at you.
The sphere of damnation explodes!
The damnation engulfs you!!
* * * LOW HITPOINT WARNING * * *
Unknown command.
You cannot drink potions in your current state!
You die...

.######......# #.# #.#....... ▓▓
**######.####**** **######## #
*............,,,* ##....^.$ ##
*#...........,,** ##......[. .##
#.............* *#.^..^.... ..#
*#..........^#* *.......... ..#
#........○.○# *...?...... ^.#
##........○☼☼## #^.......^. ..#
#..........@☼§# #.......... ..#
##..........☼☼☼## #..........
..###.....?......§D.###.....p....
.###...###########&.1###){○..○...
##....## ##.9.)##{°○○○... ....###
###..)9.d.☼.... ▓▓▓▓#
#▓▓▓▓▓▓▓▓▓▓▓# **** ▓▓▓▓......9.
,,,*** ##▓.......{...


You could see Wugum (silencing, unsilenced), a Hell Sentinel (summoned,
unsilenced), an electric golem (unsilenced) and a golden dragon (unsilenced,
catching breath).

Vanquished Creatures
  A dread lich (Vaults:5)
  2 ancient liches
  4 orbs of fire (Zot:5)
  Mara (Depths:3)
  Xtahua (Depths:3)
  2 Killer Klowns (Zot:5)
  Bai Suzhen (Vaults:4)
  Saint Roka (Arena)
  A curse toe (Zot:5)
  5 golden dragons
  2 profane servitors (Crypt:3)
  2 bone dragons
  the Enchantress (Depths:2)
  2 electric golems
  5 tentacled monstrosities
  3 liches
  22 Orb Guardians (Zot:5)
  A deep elf blademaster (Elf:3)
  3 titans (Vaults:5)
  A deep elf master archer (Elf:3)
  Asterion (Snake:2)
  2 walking divine tomes (Depths:3)
  2 acid blobs (Depths:4)
  A quicksilver dragon (Depths:3)
  3 death cobs
  A sphinx (Vaults:5)
  7 shadow dragons
  Agnes (Snake:1)
  Kirke (Swamp:3)
  5 storm dragons
  6 tengu reavers
  A rockslime (Depths:4)
  2 fenstrider witches
  3 draconian monks
  5 nagarajas
  8 fire giants
  9 azure jellies (Depths:4)
  A revenant (Crypt:1)
  2 iron dragons
  2 draconian scorchers
  10 deep elf sorcerers
  Aizul (Snake:3)
  Louise (Depths:2)
  5 frost giants
  16 vault wardens
  5 spectral caustic shrikes (Depths:1)
  A ghost moth (Zot:5)
  4 deep elf elementalists (Elf:3)
  2 curse skulls
  A reaper (Depths:2)
  5 war gargoyles
  2 orc warlords (Orc:1)
  2 draconian annihilators (Zot:1)
  16 ironbound preservers
  13 very ugly things
  4 spriggan defenders
  22 ghouls
  3 quicksilver oozes (Depths:4)
  15 stone giants
  4 ironbound thunderhulks
  3 green draconians
  4 vampire knights
  3 bunyips
  4 black draconians
  A dire elephant (shapeshifter) (Vaults:5)
  6 eleionomae
  A purple draconian (Zot:3)
  5 deep elf demonologists
  13 dire elephants
  4 deep elf annihilators
  4 red draconians
  6 yellow draconians
  A minotaur (Gauntlet)
  3 white draconians
  9 spark wasps
  8 ettins
  The ghost of Huhuh the Severer, a journeyman HOFi of Okawaru (D:12)
  Snorg (Orc:1)
  10 jiangshi
  4 crystal guardians
  A mummy priest (Crypt:3)
  9 eidola (Crypt:3)
  A quicksilver dragon zombie (Crypt:3)
  A fire dragon (shapeshifter) (Vaults:5)
  5 fire dragons
  8 deep elf death magi
  7 great orbs of eyes
  A spriggan zombie (Crypt:3)
  Harold (D:9)
  35 vault guards
  15 yaktaur captains
  6 deep elf high priests
  A salamander tyrant (Snake:2)
  A rakshasa (Depths:2)
  7 hydras
  9 ice dragons
  2 ghost crabs
  6 ironbound frosthearts
  2 spriggan air magi
  3 peacekeepers
  3 death knights
  The ghost of Forogyes the Transmogrifier, a journeyman FeSu of Gozag (Orc:1)
  3 two-headed ogres
  7 centaur warriors
  10 anacondas
  34 dancing weapons
  Erica (Lair:1)
  An ogre mage (Vaults:5)
  4 deep troll shamans (Depths:3)
  A death yak (shapeshifter) (Vaults:5)
  4 boulder beetles
  3 tengu warriors
  21 naga warriors
  7 alligators
  6 death yaks (Lair:5)
  6 vampire magi
  7 deep troll earth magi
  A titan zombie (Crypt:3)
  3 orc high priests
  15 naga sharpshooters
  6 spriggan berserkers
  8 shock serpents
  A shock serpent (shapeshifter) (Vaults:4)
  A sun demon (Depths:4)
  8 soul eaters (Crypt:1)
  A storm dragon zombie (Crypt:3)
  21 deep elf knights
  2 sixfirhies
  8 salamander mystics
  10 iron trolls
  3 hell knights
  2 bunyip zombies (Crypt:3)
  17 skeletal warriors
  6 goliath frogs
  A sea snake (Snake:2)
  56 deep trolls
  7 flayed ghosts
  A death drake (Swamp:4)
  4 swamp dragons
  3 glowing orange brains
  2 anaconda zombies (Crypt:3)
  11 bog bodies
  An iron giant skeleton (Crypt:2)
  10 naga ritualists
  16 deep elf archers
  2 wizards
  An orange crystal statue (Gauntlet)
  2 spriggan druids
  Pikel (D:4)
  3 harpies (Vaults:2)
  25 ironbound convokers
  4 orc knights
  28 deep elf pyromancers
  22 phantasmal warriors
  10 lindwurms
  11 mana vipers
  21 deep elf zephyrmancers
  9 orc sorcerers
  A frost giant zombie (Vaults:1)
  A wolf spider (Vaults:5)
  A wolf spider (shapeshifter) (Depths:2)
  2 spectral hydras (Swamp:4)
  3 shining eyes (Depths:4)
  A necromancer (Vaults:1)
  25 ugly things
  4 cyclopes
  A human skeleton (Vaults:1)
  23 salamanders
  5 manticores
  A sphinx skeleton (Crypt:2)
  3 naga zombies (Crypt:3)
  21 vault sentinels
  Maurice (D:8)
  19 elephants
  19 naga magi
  32 black mambas
  4 centaur zombies
  5 moths of wrath
  Joseph (D:7)
  2 orange demons (Depths:2)
  9 guardian serpents
  2 human zombies (Vaults:1)
  12 cane toads
  5 gargoyles
  A rime drake (Lair:3)
  An unseen horror (D:11)
  An efreet (D:13)
  A smoke demon (Depths:2)
  A red draconian zombie (Crypt:2)
  A kobold demonologist (D:13)
  A swamp worm zombie (Swamp:4)
  A death yak zombie (Crypt:1)
  12 freezing wraiths
  An orb spider zombie (Crypt:1)
  5 komodo dragons
  4 tengu conjurers
  30 yaktaurs
  A mana viper zombie (Crypt:1)
  An ice devil (Depths:2)
  A hellwing (Depths:2)
  A purple draconian skeleton (Crypt:1)
  4 polar bears (Lair:5)
  A queen bee (shapeshifter) (Vaults:5)
  4 hydra zombies (Swamp:4)
  An iron troll skeleton (Crypt:2)
  11 trolls
  2 bloated husks (Swamp:4)
  A meliai (D:13)
  A meliai (shapeshifter) (Elf:1)
  13 tyrant leeches
  3 blink frogs (Lair:5)
  44 slime creatures
  4 alligator zombies (Swamp:4)
  2 dream sheep (Lair:5)
  2 harpy zombies (Crypt:3)
  An ice dragon zombie (Crypt:3)
  A spectral swamp dragon (Swamp:4)
  9 hornets
  A satyr skeleton (Crypt:1)
  26 spriggans
  4 flying skulls (Crypt:2)
  Sigmund (D:2)
  7 air elementals
  7 wraiths
  A fire elemental (Elf:2)
  19 shadows
  2 wyverns
  7 water elementals
  An ushabti (Crypt:3)
  2 golden eyes (Depths:4)
  A human (shapeshifter) (Elf:2)
  44 yaks
  3 basilisks
  Eustachio (D:4)
  A neqoxec (Depths:2)
  3 hogs (Swamp:2)
  2 redbacks
  10 swamp worms
  A fire bat zombie (Crypt:1)
  33 vampire mosquitoes
  8 wargs
  59 nagas
  Edmund (D:4)
  17 water moccasins
  3 acid dragons
  A deep troll skeleton (Crypt:2)
  A swamp drake (Swamp:4)
  37 orc warriors
  4 black bears
  3 swamp dragon zombies (Swamp:4)
  5 boggarts (Lair:5)
  7 ogres
  40 wolves
  A snapping turtle skeleton (Crypt:2)
  10 phantoms
  A hog skeleton (Crypt:2)
  10 centaurs
  3 lemures (D:4)
  13 bullfrogs
  3 earth elementals
  2 kobold brigands
  19 necrophages
  3 scorpions
  A glowing shapeshifter simulacrum (Vaults:1)
  10 wyvern skeletons (Crypt:3)
  4 wights
  A raiju zombie (Crypt:2)
  22 killer bees
  An electric eel (Snake:2)
  A raiju skeleton (Crypt:1)
  4 howler monkeys
  A lava snake (D:9)
  2 jellies
  25 orc priests
  A black bear skeleton (Crypt:1)
  A gnoll bouda (Orc:1)
  4 hounds
  4 iguanas
  A boggart zombie (D:12)
  36 orc wizards
  3 spectral swamp drakes (Swamp:4)
  An ice beast zombie (Crypt:2)
  Robin (D:2)
  2 mummies (Crypt:3)
  5 gnolls (Orc:1)
  2 swamp drake zombies (Swamp:4)
  5 adders
  A shadow imp (D:5)
  A white imp (D:4)
  4 ufetubi
  2 worms
  5 dart slugs
  101 orcs
  10 ball pythons
  10 endoplasms
  11 goblins
  14 hobgoblins
  17 kobolds
  A ball python skeleton (Crypt:1)
  7 bats
  2 frilled lizards
  A giant cockroach zombie (Crypt:2)
  A gnoll skeleton (Crypt:2)
  9 rats
2085 creatures vanquished.

Vanquished Creatures (others)
  A deep elf knight (Elf:3)
  A wizard (Vaults:4)
  A naga ritualist (Snake:3)
  A deep elf pyromancer (Elf:2)
  A deep elf zephyrmancer (Elf:2)
  3 bloated husks
  A naga (Snake:3)
  A phantom (Swamp:4)
  An orc wizard (D:2)
  An orc (Orc:2)
  33 fungi
  59 plants
  21 withered plants (Crypt:3)
125 creatures vanquished.

Grand Total: 2210 creatures vanquished

Notes
Turn   | Place    | Note
-------+----------+-------------------------------------------
     0 | D:1      | nono the Kobold Fighter began the quest for the Orb.
     0 | D:1      | Reached XP level 1. HP: 14/14 MP: 1/1
   188 | D:1      | Reached XP level 2. HP: 18/19 MP: 2/2
   434 | D:1      | Reached skill level 1 in Dodging
   538 | D:1      | Reached skill level 1 in Stealth
   621 | D:1      | Found a faded altar of an unknown god.
   794 | D:1      | Reached XP level 3. HP: 15/24 MP: 3/3
   993 | D:1      | Reached skill level 1 in Short Blades
  1744 | D:2      | Noticed Robin
  1807 | D:2      | Killed Robin
  1817 | D:2      | Reached XP level 4. HP: 17/29 MP: 4/4
  1962 | D:2      | Noticed Sigmund
  1975 | D:2      | Identified the +0 sling of Mourning {flame, rN++}
  1980 | D:2      | Killed Sigmund
  1981 | D:2      | Reached skill level 4 in Fighting
  1981 | D:2      | Reached XP level 5. HP: 34/34 MP: 5/5
  1981 | D:2      | Reached XP level 6. HP: 40/40 MP: 6/6
  2225 | D:2      | Reached skill level 5 in Fighting
  2852 | D:3      | Found a broken altar of Ashenzari.
  2941 | D:3      | Found a burning altar of Makhleb.
  3187 | D:3      | Found a stormy altar of Qazlal.
  3458 | D:4      | Noticed a black bear
  3477 | D:3      | Reached XP level 7. HP: 44/44 MP: 7/7
  3527 | D:4      | Reached skill level 5 in Dodging
  3532 | D:4      | Noticed Edmund
  3555 | D:4      | Killed Edmund
  3556 | D:4      | Reached skill level 6 in Fighting
  3565 | D:4      | Noticed Eustachio
  3569 | D:4      | HP: 2/46 [Eustachio/+0 rapier (5)]
  3570 | D:4      | Killed Eustachio
  3571 | D:4      | Reached XP level 8. HP: 2/52 MP: 8/8
  3957 | D:4      | Reached skill level 5 in Stealth
  4105 | D:4      | Found a snail-covered altar of Cheibriados.
  4532 | D:4      | Found a staircase to the Ecumenical Temple.
  4538 | Temple   | Entered the Ecumenical Temple
  4622 | Temple   | Became a worshipper of Warmaster Okawaru
  5156 | D:4      | Noticed Pikel
  5175 | D:4      | Killed Pikel
  5175 | D:4      | Reached * piety under Okawaru
  5176 | D:4      | Reached skill level 7 in Fighting
  5176 | D:4      | Reached skill level 1 in Invocations
  5176 | D:4      | Reached XP level 9. HP: 47/57 MP: 9/9
  5306 | D:5      | Entered Level 5 of the Dungeon
  5576 | D:5      | Found a sparkling altar of Nemelex Xobeh.
  5862 | D:5      | Reached ** piety under Okawaru
  7088 | D:7      | Noticed Joseph
  7136 | D:7      | Killed Joseph
  7386 | D:7      | Reached XP level 10. HP: 64/64 MP: 12/12
  7394 | D:7      | Found a sparkling altar of Nemelex Xobeh.
  7413 | D:7      | Reached *** piety under Okawaru
  7423 | D:7      | Reached skill level 8 in Fighting
  7818 | D:7      | Found a glowing golden altar of the Shining One.
  7931 | D:7      | Noticed an ice statue
  8065 | D:8      | Noticed Maurice
  8079 | D:8      | Killed Maurice
  8080 | D:8      | Reached skill level 5 in Maces & Flails
  8310 | D:8      | Found a hide-covered altar of Uskayaw.
  8388 | D:8      | Found a basalt altar of Yredelemnul.
  8725 | D:8      | Reached **** piety under Okawaru
  9274 | D:8      | Found Wuskouvo's Armour Boutique.
  9279 | D:8      | Bought a +2 kite shield for 181 gold pieces
  9748 | D:9      | Found Uxkac's Distillery.
  9793 | D:9      | Bought a potion of curing for 36 gold pieces
  9793 | D:9      | Bought a potion of curing for 36 gold pieces
  9798 | D:9      | Identified a scroll of acquirement
  9799 | D:9      | Acquired a manual of Dodging
  9912 | D:9      | Reached XP level 11. HP: 56/69 MP: 13/13
  9918 | D:9      | Reached skill level 9 in Fighting
 10167 | D:9      | Reached skill level 10 in Dodging
 10268 | D:9      | Found an ancient bone altar of Kikubaaqudgha.
 10284 | D:9      | Found a staircase to the Orcish Mines.
 10291 | D:9      | Noticed a two-headed ogre
 10313 | D:9      | Killed a two-headed ogre
 10324 | D:9      | Reached ***** piety under Okawaru
 10680 | D:9      | Found an ornate altar of the Wu Jian Council.
 10680 | D:9      | Found a shadowy altar of Dithmenos.
 10779 | D:9      | Found a shimmering altar of Xom.
 10882 | D:9      | Noticed a two-headed ogre
 10897 | D:9      | Killed a two-headed ogre
 10998 | D:9      | Noticed Harold
 11003 | D:9      | Killed Harold
 11237 | D:10     | Entered Level 10 of the Dungeon
 11244 | D:10     | Identified the +7 war axe of Victory {venom, rN+ rCorr
                  | Str-4 Dex+3}
 11392 | D:10     | Received a gift from Okawaru
 11620 | D:10     | Reached skill level 10 in Fighting
 11830 | D:10     | Noticed a two-headed ogre
 11837 | D:10     | Killed a two-headed ogre
 11847 | D:10     | Found an opulent altar of Gozag.
 12033 | D:10     | Found a staircase to the Lair.
 12223 | D:11     | Noticed a cyclops
 12233 | D:11     | Killed a cyclops
 12365 | D:12     | Found a gateway to a bazaar.
 12377 | Bazaar   | Entered a bazaar
 12393 | Bazaar   | Found Weavar's Jewellery Shop.
 12427 | Bazaar   | Found Jalecw's Book Shop.
 12519 | Bazaar   | Bought the amulet "Xitrom Qula" {Faith rElec rC+ Dex+6} for
                  | 441 gold pieces
 12589 | D:12     | Found Gidud's Distillery.
 12592 | D:12     | Reached XP level 12. HP: 78/78 MP: 15/15
 12599 | D:12     | Found Peatamul's Magic Scroll Shop.
 12632 | D:12     | Found Tubreib's Book Shop.
 12662 | D:12     | Found a gate leading to a gauntlet.
 12668 | Gauntlet | Entered a Gauntlet
 12668 | Gauntlet | Found a transporter.
 12677 | Gauntlet | Noticed a sixfirhy
 12704 | Gauntlet | Found a transporter.
 12731 | Gauntlet | Found a transporter.
 12732 | Gauntlet | Noticed a tengu warrior
 12752 | Gauntlet | Found a transporter.
 12777 | Gauntlet | Found a transporter.
 12786 | Gauntlet | Found a runed translucent door.
 12786 | Gauntlet | Noticed a quicksilver ooze
 12787 | Gauntlet | Found a transporter.
 12805 | Gauntlet | Found a transporter.
 12806 | Gauntlet | Found a runed translucent door.
 12811 | Gauntlet | Found a transporter.
 12818 | Gauntlet | Found a transporter.
 12829 | Gauntlet | Found a transporter.
 12857 | Gauntlet | Noticed a death scarab
 12861 | Gauntlet | Noticed a death scarab
 12867 | Gauntlet | Found a transporter.
 12896 | Gauntlet | Found a runed translucent door.
 12903 | Gauntlet | Found a transporter.
 12914 | Gauntlet | Found a transporter.
 12934 | Gauntlet | Killed a sixfirhy
 12934 | Gauntlet | Received a gift from Okawaru
 12934 | Gauntlet | Found the +2 hood of the Assassin {Detection Stab+ Stlth++}
 13062 | Gauntlet | Reached skill level 5 in Invocations
 13066 | Gauntlet | Killed a tengu warrior
 13069 | Gauntlet | Found a transporter.
 13087 | Gauntlet | Noticed a soul eater
 13106 | Gauntlet | Identified the ring "Lauhu" {Fire Str+7 Dex+2 Slay-5}
 13127 | Gauntlet | Identified the +4 buckler "Zemyesch" {Str+3}
 13127 | Gauntlet | Noticed a minotaur
 13139 | Gauntlet | Killed a minotaur
 13158 | Gauntlet | Got the Volume of Pollution and Beguiling
 13163 | Gauntlet | Got the Secrets of Evolution
 13517 | Lair:1   | Entered Level 1 of the Lair of Beasts
 13518 | Lair:1   | Noticed Erica
 13533 | Lair:1   | Killed Erica
 13534 | Lair:1   | Reached skill level 5 in Shields
 13761 | Lair:1   | Reached skill level 11 in Fighting
 13798 | Lair:1   | Reached skill level 5 in Armour
 14410 | Lair:2   | Found a staircase to the Snake Pit.
 15628 | Lair:3   | Found a staircase to the Swamp.
 15634 | Lair:3   | Reached XP level 13. HP: 68/84 MP: 17/17
 15834 | Lair:3   | Reached skill level 10 in Stealth
 15838 | Lair:3   | Reached ****** piety under Okawaru
 15843 | Lair:3   | Received a gift from Okawaru
 15903 | Lair:3   | Found the ring of the Mage {Wiz Archmagi}
 17148 | Lair:4   | Reached skill level 15 in Dodging
 17480 | Lair:4   | Reached skill level 12 in Fighting
 17797 | Lair:4   | Noticed an eight-headed hydra
 17804 | Lair:4   | Killed an eight-headed hydra
 17804 | Lair:4   | Received a gift from Okawaru
 18317 | Lair:5   | Entered Level 5 of the Lair of Beasts
 18501 | Lair:5   | Found a staircase to the Slime Pits.
 18722 | Lair:5   | Identified the +5 hand crossbow "Citir" {elec, Str+2}
                  | (Okawaru gifted it to you on level 5 of the Lair of Beasts)
 18722 | Lair:5   | Received a gift from Okawaru
 18756 | Lair:5   | Reached XP level 14. HP: 19/92 MP: 14/19
 19371 | Lair:5   | Identified the +5 scimitar of the Wraith {flame, Str+4}
 19596 | Lair:5   | Received a gift from Okawaru
 19943 | Lair:5   | Received a gift from Okawaru
 20713 | D:12     | Bought a potion of heal wounds for 85 gold pieces
 20713 | D:12     | Bought a potion of curing for 51 gold pieces
 20746 | D:12     | Found a runed translucent gate.
 20747 | D:12     | Found a runed translucent gate.
 20747 | D:12     | Noticed Huhuh's ghost (journeyman HOFi)
 20748 | D:12     | Found a runed translucent gate.
 20748 | D:12     | Found a basalt altar of Yredelemnul.
 20796 | D:12     | Killed Huhuh's ghost
 20797 | D:12     | Reached skill level 13 in Fighting
 20902 | D:12     | Reached skill level 10 in Maces & Flails
 21619 | D:11     | Identified the +8 short sword of Imopt {freeze, Str+2
                  | Dex+4} (Okawaru gifted it to you on level 11 of the
                  | Dungeon)
 21619 | D:11     | Received a gift from Okawaru
 21661 | D:11     | Reached XP level 15. HP: 98/98 MP: 20/20
 22577 | D:12     | Bought a scroll of acquirement for 676 gold pieces
 22577 | D:12     | Acquired a manual of Stealth
 22780 | D:13     | Found a gate to the Vaults.
 22780 | D:13     | Noticed an ironbound preserver
 22781 | D:13     | Identified the +6 spear of War {elec, +Blink Fly rF- rC+++}
                  | (Okawaru gifted it to you on level 13 of the Dungeon)
 22781 | D:13     | Received a gift from Okawaru
 22787 | D:13     | Killed an ironbound preserver
 24373 | D:15     | Entered Level 15 of the Dungeon
 24419 | D:15     | Identified the -1 buckler of Desyteu {Regen+ Dex+4}
                  | (Okawaru gifted it to you on level 15 of the Dungeon)
 24419 | D:15     | Received a gift from Okawaru
 24450 | D:15     | Reached skill level 15 in Stealth
 24489 | D:15     | Found a staircase to the Depths.
 24489 | D:15     | Noticed a stone giant
 24514 | D:15     | Killed a stone giant
 24618 | D:15     | Found a portal to a secret trove of treasure.
 25944 | Orc:1    | Entered Level 1 of the Orcish Mines
 26184 | Orc:1    | Found a transporter.
 26222 | Orc:1    | Noticed Snorg
 26245 | Orc:1    | Killed Snorg
 26423 | Orc:1    | Found a transporter.
 26423 | Orc:1    | Noticed Forogyes's ghost (journeyman FeSu)
 26450 | Orc:1    | Killed Forogyes's ghost
 26600 | Orc:1    | Reached XP level 16. HP: 101/104 MP: 22/22
 26897 | Orc:2    | Entered Level 2 of the Orcish Mines
 27361 | Orc:1    | Identified the +0 chain mail of Jeurriri {Rampage rElec
                  | rCorr} (Okawaru gifted it to you on level 1 of the Orcish
                  | Mines)
 27361 | Orc:1    | Received a gift from Okawaru
 27717 | Orc:2    | Found a staircase to the Elven Halls.
 28364 | Orc:2    | Noticed Saint Roka
 28699 | Arena    | Entered the Arena
 28722 | Arena    | Killed Saint Roka
 29086 | Orc:2    | Found Hiboicai's Antique Weapon Shoppe.
 29087 | Orc:2    | Found Ojergh's Distillery.
 29089 | Orc:2    | Found Peomodgh's Armour Emporium.
 29089 | Orc:2    | Found Ruawurph's Weapon Shoppe.
 29094 | Orc:2    | Bought a +3 plate armour of poison resistance for 588 gold
                  | pieces
 29096 | Orc:2    | Bought 2 potions of haste for 340 gold pieces
 29096 | Orc:2    | Bought a potion of heal wounds for 85 gold pieces
 29298 | D:9      | Upgraded the game from 0.30-a0-135-g630cfc4551 to
                  | 0.30-a0-137-gd8773701ce
 29443 | Swamp:1  | Entered Level 1 of the Swamp
 29612 | Swamp:1  | Identified the +3 quarterstaff "Ete Aganti" {venom, Int+3
                  | Dex+4}
 29678 | Swamp:1  | Reached skill level 14 in Fighting
 31015 | Swamp:2  | Noticed a fenstrider witch
 31022 | Swamp:2  | Killed a fenstrider witch
 31480 | Swamp:3  | Noticed a fenstrider witch
 31483 | Swamp:3  | Killed a fenstrider witch
 31518 | Swamp:3  | Noticed Kirke
 31580 | Swamp:3  | Killed Kirke
 31581 | Swamp:3  | Reached XP level 17. HP: 112/112 MP: 23/23
 31609 | Swamp:3  | Received a gift from Okawaru
 31615 | Swamp:3  | Noticed a tentacled monstrosity
 31890 | Swamp:3  | Killed a tentacled monstrosity
 32442 | Swamp:4  | Entered Level 4 of the Swamp
 32636 | Swamp:4  | Noticed a tentacled monstrosity
 32657 | Swamp:4  | Killed a tentacled monstrosity
 32823 | Swamp:4  | Identified the +0 robe of Melancholy {Will++} (Okawaru
                  | gifted it to you on level 4 of the Swamp)
 32823 | Swamp:4  | Received a gift from Okawaru
 33979 | Swamp:4  | Reached skill level 15 in Fighting
 34063 | Swamp:4  | Noticed a bone dragon
 34476 | Swamp:4  | Killed a bone dragon
 34730 | Swamp:4  | Got a decaying rune of Zot
 34941 | Vaults:1 | Entered Level 1 of the Vaults
 35643 | Vaults:1 | Reached skill level 10 in Armour
 35643 | Vaults:1 | Reached skill level 10 in Shields
 35784 | Vaults:1 | HP: 1/113 [lindwurm/blast of flame (28)]
 36227 | Vaults:1 | Reached XP level 18. HP: 97/119 MP: 23/25
 36252 | Vaults:1 | Found Faceeple's Weapon Boutique.
 36658 | Vaults:1 | Received a gift from Okawaru
 37736 | Vaults:2 | Reached skill level 10 in Invocations
 37819 | Vaults:2 | Received a gift from Okawaru
 37856 | Vaults:2 | Identified the +3 ring mail of the Forest {rC+} (Okawaru
                  | gifted it to you on level 2 of the Vaults)
 37856 | Vaults:2 | Received a gift from Okawaru
 38034 | D:8      | Bought a +3 ring mail of fire resistance for 286 gold
                  | pieces
 38791 | Vaults:1 | Reached skill level 16 in Fighting
 39046 | Vaults:2 | Found Voycroc's Assorted Antiques.
 40031 | Vaults:2 | Reached XP level 19. HP: 67/127 MP: 26/26
 40471 | Vaults:2 | Identified the +9 rapier "Yqadec" {venom, rElec Str+2}
                  | (Okawaru gifted it to you on level 2 of the Vaults)
 40471 | Vaults:2 | Received a gift from Okawaru
 42426 | Vaults:3 | Found a staircase to the Crypt.
 42426 | Vaults:3 | Found an ancient bone altar of Kikubaaqudgha.
 42426 | Vaults:3 | Found a basalt altar of Yredelemnul.
 42434 | Crypt:1  | Entered Level 1 of the Crypt
 42463 | Crypt:1  | Upgraded the game from 0.30-a0-137-gd8773701ce to
                  | 0.30-a0-140-gd1020e658a
 42639 | Crypt:1  | Identified the +2 ring mail of Hospitality {rPois} (Okawaru
                  | gifted it to you on level 1 of the Crypt)
 42639 | Crypt:1  | Received a gift from Okawaru
 42817 | Crypt:1  | Reached skill level 17 in Fighting
 44117 | Crypt:1  | Reached skill level 1 in Evocations
 44980 | Crypt:2  | Reached XP level 20. HP: 134/134 MP: 25/27
 44991 | Crypt:2  | Received a gift from Okawaru
 44991 | Crypt:2  | Found the +4 skin of Zhor {*Englaciate rC+++ SInv}
 45742 | Crypt:3  | Entered Level 3 of the Crypt
 45781 | Crypt:3  | Identified the +11 scimitar "Izoapyhu" {drain, Stlth+}
 45993 | Crypt:3  | Noticed a bone dragon
 45996 | Crypt:3  | Killed a bone dragon
 46280 | Crypt:3  | Noticed a profane servitor
 46284 | Crypt:3  | Killed a profane servitor
 46287 | Crypt:3  | Noticed a profane servitor
 46291 | Crypt:3  | Killed a profane servitor
 46308 | Crypt:3  | Identified the ring "Nulosil" {rElec rN+ Dex-2 SInv Stlth+}
 46308 | Crypt:3  | Identified the ring "Cianyeq" {rF- rN+ Str+6}
 46308 | Crypt:3  | Identified the ring of Qikutih {rF+ rN+}
 46357 | Crypt:3  | Reached skill level 18 in Fighting
 46505 | Crypt:3  | Received a gift from Okawaru
 46809 | Crypt:3  | Found a basalt altar of Yredelemnul.
 47564 | Crypt:3  | Identified the +5 hand crossbow of Fumumiv {speed, rElec
                  | rPois rF+ rCorr SInv} (Okawaru gifted it to you on level 3
                  | of the Crypt)
 47564 | Crypt:3  | Received a gift from Okawaru
 47611 | Crypt:3  | Found a staircase to the Tomb.
 48017 | Crypt:3  | Reached skill level 1 in Ranged Weapons
 48370 | Crypt:3  | Reached XP level 21. HP: 140/141 MP: 28/28
 48653 | Vaults:3 | Acquired a ring of poison resistance
 49391 | Vaults:3 | Reached skill level 15 in Maces & Flails
 49881 | Vaults:3 | Identified the +2 pair of gloves of Niutuisi {rC+} (Okawaru
                  | gifted it to you on level 3 of the Vaults)
 49881 | Vaults:3 | Received a gift from Okawaru
 51144 | Vaults:4 | Identified the ring "Yras" {Ice rElec rPois Dex-4 Stlth-}
 51315 | Vaults:4 | Noticed Bai Suzhen
 51327 | Vaults:4 | Killed Bai Suzhen
 52297 | Vaults:4 | Identified the +0 robe of the Constellations {rPois Will+
                  | Int-2 Dex+5}
 52578 | Elf:1    | Entered Level 1 of the Elven Halls
 52816 | Elf:1    | Reached skill level 19 in Fighting
 52817 | Elf:1    | Received a gift from Okawaru
 53083 | Elf:1    | Reached skill level 5 in Ranged Weapons
 53183 | Elf:1    | Paralysed by an air elemental for 1 turns
 53434 | Elf:1    | Paralysed by an air elemental for 1 turns
 53470 | Elf:1    | Reached XP level 22. HP: 99/149 MP: 29/29
 53687 | Elf:1    | Received a gift from Okawaru
 54757 | Elf:2    | Found a runed translucent gate.
 54758 | Elf:2    | Found a runed translucent gate.
 54758 | Elf:2    | Found a runed translucent gate.
 54999 | Elf:2    | Received a gift from Okawaru
 55555 | Elf:2    | Identified the +0 cloak "Hero's Friend" {Will+ Regen+}
                  | (Okawaru gifted it to you on level 2 of the Elven Halls)
 55555 | Elf:2    | Received a gift from Okawaru
 55889 | Elf:2    | Upgraded the game from 0.30-a0-140-gd1020e658a to
                  | 0.30-a0-141-g30f27751c5
 55911 | Elf:3    | Entered Level 3 of the Elven Halls
 56646 | Elf:3    | Identified the +0 pair of gloves "Juskaff" {Harm} (Okawaru
                  | gifted it to you on level 3 of the Elven Halls)
 56646 | Elf:3    | Received a gift from Okawaru
 56793 | Elf:3    | Reached XP level 23. HP: 156/156 MP: 30/30
 56831 | Elf:3    | Found Qaub's Assorted Antiques.
 56836 | Elf:3    | Bought 2 potions of heal wounds for 370 gold pieces
 56836 | Elf:3    | Bought a potion of might for 148 gold pieces
 56876 | Elf:3    | Found the +12 pair of quick blades "Gyre" and "Gimble"
                  | {protect}
 56892 | Elf:3    | Identified the +6 plate armour "Zibe Uph" {Dex+5}
 56896 | Elf:3    | Identified the amulet of Twilight {Reflect rPois rC+ SH+5
                  | SInv}
 56906 | Elf:3    | Identified the ring "Gaow" {EV+4 SInv}
 56966 | Elf:3    | Identified the +7 halberd of Cowardice {chaos, Will+
                  | Stlth+}
 57246 | Snake:1  | Entered Level 1 of the Snake Pit
 57485 | Snake:1  | Identified the +1 ring mail of Optimism {Will+}
 57681 | Snake:1  | Reached skill level 20 in Fighting
 58084 | Snake:1  | Noticed Agnes
 58086 | Snake:1  | Killed Agnes
 58109 | Snake:1  | Identified the +5 quarterstaff "Beastslayer" {flame, Drain
                  | rElec rPois Str-5}
 58591 | Snake:2  | Noticed Asterion
 58595 | Snake:2  | Killed Asterion
 60740 | Snake:4  | Entered Level 4 of the Snake Pit
 60758 | Snake:4  | Noticed Aizul
 60783 | Snake:3  | Killed Aizul
 60987 | Snake:4  | Found Peqy's Jewellery Shop.
 60993 | Snake:4  | Bought a ring of protection from cold for 400 gold pieces
 61301 | Snake:4  | Identified the +8 quick blade "Namuciex" {vamp, Str+4
                  | Stlth+} (Okawaru gifted it to you on level 4 of the Snake
                  | Pit)
 61301 | Snake:4  | Received a gift from Okawaru
 61614 | Snake:4  | Reached skill level 15 in Shields
 61629 | Snake:4  | Reached skill level 15 in Armour
 61707 | Snake:4  | Reached XP level 24. HP: 55/164 MP: 30/30
 62307 | Snake:4  | Got a serpentine rune of Zot
 62603 | Depths:1 | Entered Level 1 of the Depths
 62688 | Depths:1 | Found a bloodstained altar of Trog.
 62729 | Depths:1 | Found a blossoming altar of Fedhas.
 63221 | Depths:1 | Found a gateway to Hell.
 63270 | Depths:1 | Reached skill level 21 in Fighting
 63653 | Depths:2 | Found a sacrificial altar of Ru.
 63708 | Depths:2 | Found a one-way gate to the infinite horrors of the Abyss.
 63708 | Depths:2 | Noticed Louise
 63729 | Depths:2 | Killed Louise
 63734 | Depths:2 | Received a gift from Okawaru
 63827 | Depths:2 | Found an ancient bone altar of Kikubaaqudgha.
 63885 | Depths:2 | Found a one-way gateway to a ziggurat.
 64156 | Depths:2 | Reached skill level 10 in Ranged Weapons
 64439 | Depths:2 | Noticed the Enchantress
 64518 | Depths:2 | Killed the Enchantress
 64586 | Depths:2 | Found a one-way gate leading to the halls of Pandemonium.
 64983 | Depths:2 | Paralysed by an air elemental for 1 turns
 65138 | Depths:2 | Noticed an ancient lich
 65139 | Depths:2 | Found the +4 Cigotuvi's embrace {rMiasma Drain rN+}
 65160 | Depths:2 | Killed an ancient lich
 65160 | Depths:2 | Identified the +11 spear "Iladwure" {holy, rC++} (Okawaru
                  | gifted it to you on level 2 of the Depths)
 65160 | Depths:2 | Received a gift from Okawaru
 65173 | Depths:2 | Identified the +6 trident of Terra Cotta {speed, rPois}
 65175 | Depths:2 | Identified the +1 scale mail "Bischae" {+Inv MP+9 Dex-3
                  | SInv}
 65265 | Depths:3 | Noticed Xtahua
 65269 | Depths:3 | Killed Xtahua
 65347 | Depths:3 | Noticed a golden dragon
 65387 | Depths:3 | Killed a golden dragon
 65429 | Depths:3 | Reached XP level 25. HP: 110/172 MP: 28/30
 65445 | Depths:3 | Noticed Mara
 65446 | Depths:3 | Identified the +4 great sword of Arrival {vorpal, rPois
                  | rF+}
 65447 | Depths:3 | Received a gift from Okawaru
 65449 | Depths:3 | Noticed nono's illusion
 65572 | Depths:3 | Noticed nono's illusion
 65572 | Depths:3 | Killed Mara
 65766 | Depths:3 | Received a gift from Okawaru
 66051 | Depths:3 | Received a gift from Okawaru
 66478 | Depths:3 | Acquired the +1 kite shield "Xeonitz" {rN+}
 66568 | Depths:3 | Found Hijafi's Jewellery Emporium.
 66568 | Depths:3 | Found Maurch's Jewellery Emporium.
 66569 | Depths:3 | Found Qomoof's Book Boutique.
 66585 | Depths:3 | Bought a ring of protection from fire for 425 gold pieces
 66716 | Depths:4 | Entered Level 4 of the Depths
 66786 | Depths:4 | Noticed a caustic shrike
 66790 | Depths:4 | Noticed a caustic shrike
 66794 | Depths:4 | Noticed a caustic shrike
 66796 | Depths:4 | Noticed a caustic shrike
 67130 | Depths:4 | Found an ornate altar of the Wu Jian Council.
 67183 | Depths:4 | Reached skill level 22 in Fighting
 67189 | Depths:4 | Identified the +0 plate armour "Coat" {rC+} (Okawaru gifted
                  | it to you on level 4 of the Depths)
 67189 | Depths:4 | Received a gift from Okawaru
 67327 | Depths:4 | Found a gate to the Realm of Zot.
 67703 | Depths:4 | Gained mutation: You are occasionally teleported next to
                  | monsters. [a shining eye]
 67715 | Depths:4 | Found a viscous altar of Jiyva.
 68021 | Depths:4 | Found a corrupted altar of Lugonu.
 68089 | Depths:4 | Upgraded the game from 0.30-a0-141-g30f27751c5 to
                  | 0.30-a0-149-g7f746667c4
 68419 | Vaults:5 | Entered Level 5 of the Vaults
 68429 | Vaults:5 | Reached XP level 26. HP: 129/180 MP: 30/30
 68431 | Vaults:5 | Received a gift from Okawaru
 69354 | Vaults:5 | Noticed a dread lich
 69409 | Vaults:5 | Killed a dread lich
 69560 | Vaults:5 | Identified the +6 shortbow of Tosyfady {vorpal, rElec}
 69642 | Vaults:5 | Identified the ring "Hontaena" {Ice Int+3}
 70472 | Vaults:5 | Got a silver rune of Zot
 70969 | Zot:1    | Entered Level 1 of the Realm of Zot
 70978 | Zot:1    | Identified the +5 ring mail of the Cockroach {-Cast rCorr
                  | Dex+3} (Okawaru gifted it to you on level 1 of the Realm of
                  | Zot)
 70978 | Zot:1    | Received a gift from Okawaru
 70995 | Zot:1    | Lost mutation: You are occasionally teleported next to
                  | monsters. [potion of mutation]
 70995 | Zot:1    | Gained mutation: You are partially covered in iridescent
                  | scales. (AC +2) [potion of mutation]
 71040 | Zot:1    | Reached skill level 23 in Fighting
 71304 | Zot:1    | Reached XP level 27. HP: 129/188 MP: 30/30
 71412 | Zot:5    | Entered Level 5 of the Realm of Zot
 71922 | Zot:5    | Noticed an orb of fire
 71939 | Zot:5    | Gained mutation: Your spells are a little easier to cast,
                  | but a little less powerful. [an orb of fire]
 71947 | Zot:5    | Gained mutation: You are clumsy. (Dex -2) [an orb of fire]
 71958 | Zot:5    | Killed an orb of fire
 71958 | Zot:5    | Received a gift from Okawaru
 72014 | Zot:5    | Noticed a Killer Klown
 72015 | Zot:5    | Noticed a Killer Klown
 72015 | Zot:5    | Noticed an ancient lich
 72053 | Zot:5    | Killed a Killer Klown
 72089 | Zot:5    | Noticed an orb of fire
 72129 | Zot:5    | Killed an ancient lich
 72140 | Zot:5    | Gained mutation: You are dopey. (Int -2) [an orb of fire]
 72152 | Zot:5    | Killed an orb of fire
 72186 | Zot:5    | Killed a Killer Klown
 72443 | Zot:5    | Got the Orb of Zot
 72457 | Zot:5    | Noticed an orb of fire
 72460 | Zot:5    | Gained mutation: Your body sometimes deteriorates upon
                  | taking damage. [an orb of fire]
 72461 | Zot:5    | Noticed a Killer Klown
 72466 | Zot:5    | Noticed an orb of fire
 72467 | Zot:5    | Gained mutation: Your magical capacity is low. (-10% MP)
                  | [an orb of fire]
 72489 | Zot:5    | Gained mutation: You are occasionally teleported next to
                  | monsters. [an orb of fire]
 72505 | Zot:5    | Killed an orb of fire
 72505 | Zot:5    | Identified the +4 hand crossbow of Vaaloar {elec, Stlth+}
                  | (Okawaru gifted it to you on level 5 of the Realm of Zot)
 72505 | Zot:5    | Received a gift from Okawaru
 72535 | Zot:5    | Noticed Wugum the pandemonium lord
 72536 | Zot:5    | Gained mutation: You occasionally lose the ability to drink
                  | potions when taking damage. [an orb of fire]
 72540 | Zot:5    | Killed an orb of fire
 72549 | Zot:5    | HP: 4/188 [Hell Sentinel/damnation[Wugum] (31)]
 72550 | Zot:5    | Succumbed to a golden dragon's poison gas

Illustrated notes

Levels and vault maps discovered:
D:1:      spicycebolla_arrival_xxxplode, layout_basic,
          chequers_ecumenical_altar_island
D:2:      layout_loops_corners, chequers_serial_rivers_room_a,
          minmay_box_of_dots, uniq_sigmund, uniq_robin
D:3:      layout_rooms, mainiacjoe_overflow_alcove_1, evilmike_ruin_ashenzari,
          lemuel_crystal_altar, minmay_misc_feat_chi, st_stairs_4
D:4:      nicolae_BIG_FREAKIN_CUBE, layout_rooms, slow_altar_1,
          minmay_temple_entry_glassed_door, minmay_fractal_squares_diagonal_5,
          uniq_eustachio, uniq_edmund, uniq_pikel
D:5:      layout_cave_pools, nemelex_xobeh_ov_fountains_minmay,
          kennysheep_generic_room_8
D:6:      layout_rooms, small_statue_intersection
D:7:      lemuel_ice_statue, layout_rooms, mainiacjoe_overflow_small_starburst,
          minmay_ruined_shrine, uniq_joseph
D:8:      layout_basic, mainiacjoe_overflow_chevrons,
          mainiacjoe_overflow_alcove_2, serial_shops,
          nicolae_shop_competitors_out_of_business, uniq_maurice
D:9:      layout_basic, mainiacjoe_overflow_six_doors_small, tgw_kikubaaqudgha,
          nicolae_overflow_two_pavilions, serial_shops, nicolae_stop_n_shop_1,
          minmay_fractal_squares_5, uniq_harold
D:10:     layout_small_grid, nicolae_gozag_seed_capital, lair_entry_dummy
D:11:     layout_roguey
D:12:     layout_roguey [special_room_bee], gauntlet_entry_generic,
          serial_shops, bzr_entry_lakeside, shop, shop_fountains, shop_coins,
          nicolae_yredelemnul_ghost_church
D:13:     layout_roguey, skrybe_vaults_entry_preservation
D:14:     layout_cave_pods
D:15:     grunt_enter_depths_giant_problem, layout_irregular_city,
          enter_trove_3, hangedman_decor_points
Temple:   jpeg_temple_island
Lair:1:   layout_small_grid, grunt_megastairs_3, uniq_erica
Lair:2:   layout_hall_layers, minmay_snake_entry_guardpost_small
Lair:3:   layout_regular_city, skrybe_swamp_entry_bodies, st_stairs_13
Lair:4:   layout_layer_cave
Lair:5:   minmay_lair_end_enchanted_forest, layout_hall_layers,
          minmay_slime_entry_pillars, lookout_lair_type, lemuel_fruit_tree,
          infiniplex_staircase_pool_2
Swamp:1:  layout_basic_swamp, nicolae_swamp_long_stream, swamp_pool4,
          nicolae_swamp_bloodsuckers_inc
Swamp:2:  layout_basic_swamp, nicolae_swamp_treefoil, swamp_pool4,
          infiniplex_staircase_pool
Swamp:3:  layout_basic_swamp, nicolae_swamp_decorative_isthmus, uniq_kirke
Swamp:4:  swamp_pestilence, layout_basic_swamp
Snake:1:  layout_onion_interference, uniq_agnes
Snake:2:  layout_grid_maze, nicolae_snake_squiggles, guppyfry_snake_island,
          uniq_asterion
Snake:3:  nrook_guardian_serpent_snake_passage, layout_chambers, st_stairs_3
Snake:4:  johnstein_snake_rune_scales, layout_gridlike, serial_shops, shop,
          uniq_aizul
Orc:1:    layout_diamond_mine, gammafunk_ghost_arena, uniq_snorg
Orc:2:    st_orc_mages, layout_caves, mines2_david, uniq_saint_roka
Elf:1:    elf_arrival_001, layout_onion_city, minivault_28,
          roderic_lattice_octagonal_star
Elf:2:    nicolae_elf_blades_crystal_corner, layout_onion_city
Elf:3:    minmay_elf_hall_dome, layout_geoelf_diagonals, serial_shops,
          shop_statue
Vaults:1: ontoclasm_vaults_shout, ontoclasm_vaults_ring_large,
          vaults_mumra_chevron, hangedman_vaults_stagger,
          ontoclasm_vaults_twist, hangedman_vaults_capsules,
          ontoclasm_vaults_loading_screen, grunt_vaults_hallway_long,
          layout_vaults_chaotic_city, serial_shops,
          nicolae_shop_bloodbath_and_beyond
Vaults:2: hangedman_vaults_snaps, nicolae_vaults_puzzle_piece,
          nicolae_vaults_border_crossing, vaults_mumra_minichess_inversion,
          vaults_room_pools, vaults_mumra_hexcomb, nicolae_vaults_murderbox,
          nicolae_vaults_network_quinsquares
          [nicolae_vaults_network_quincunx_subvault,
          nicolae_vaults_network_quincunx_subvault,
          nicolae_vaults_network_quincunx_subvault,
          nicolae_vaults_network_quincunx_subvault], vaults_dpeg_encased_lava,
          vaults_dpeg_ring, v_misc_14, layout_vaults_omnicross, serial_shops,
          nicolae_shop_statue_plus
Vaults:3: hangedman_vaults_maws, nicolae_vaults_little_squares_1, v_misc_9,
          minmay_crypt_entry_necro_gods, v_misc_15, v_alt_pattern_5,
          hangedman_vaults_nodes, v_rooms_3, nicolae_vaults_asterisk,
          v_pattern_4, layout_vaults_maze_bifur
Vaults:4: ontoclasm_vaults_claustrophobia, hangedman_vaults_variations,
          ontoclasm_vaults_eye, v_misc_4, nicolae_vaults_alarming,
          nicolae_vaults_little_ls, v_misc_17, nicolae_vaults_little_squares_3,
          nicolae_vaults_asterisk, layout_vaults_omnigrid, uniq_bai_suzhen
Vaults:5: serial_shops
Crypt:1:  minmay_shadows, layout_gridlike, minmay_misc_feat_five,
          grunt_crypt_arrival_split
Crypt:2:  layout_misc_corridors
Crypt:3:  evilmike_haunted_forest
Depths:1: layout_forbidden_donut, fedhas_altar_4, pf_hell_entry_tar_river,
          serial_column_ruins, column_ruins_hut, column_ruins_hut,
          column_ruins_grid_1, column_ruins_open_medium,
          column_ruins_columns_dead_end, column_ruins_grid_3,
          minmay_misc_feat_enclosed, bloody_trog, serial_bayou_shore_b
Depths:2: constructs_gauntlet_mu_hangedman, layout_gridlike, enter_ziggurat_f,
          pf_vacation_house_of_asmodeus, kiku_gazebo_garden_becter,
          nicolae_abyss_entry_one_way_or_another, grunt_pan_entry_sceptre,
          nicolae_ru_path_of_blood, infiniplex_staircase_door_maze,
          uniq_enchantress
Depths:3: minmay_the_grid_octo_triangle [minmay_the_grid_octo_clover_2,
          minmay_the_grid_octo_prize_star, minmay_the_grid_octo_checkered],
          layout_twisted_cross, minmay_misc_feat_columns, abyss_entry,
          hell_entry, minmay_misc_feat_tower, minmay_staircase_bubble,
          minmay_shop_grove, uniq_xtahua, uniq_mara
Depths:4: grunt_zot_entry_gee_three, layout_cave_pools,
          nzn_wu_jian_council_hall, special_room [special_room_jelly],
          abyss_entry_flame_altar, hellmouth_1
Zot:1:    layout_basic, gammafunk_ghost_wrathful_warriors, grunt_megastairs_5
Zot:2:    hangedman_snap_crack_crunch, layout_concentric_octagons, st_stairs_13
Zot:3:    layout_onion_interference, uniq_vv
Zot:4:    layout_gridlike, gammafunk_ghost_tricky_traps
Zot:5:    layout_gridlike, hangedman_zot_decor_tridents, lemuel_baited_zot_trap,
          st_stairs_14

Skill      XL: |  1  2  3  4  5  6  7  8  9 10 11 12 13 14 15 16 17 18 19 20 21 22 23 24 25 26 |
---------------+-------------------------------------------------------------------------------+-----
Dodging        | 1 2 3 4 5 6 7 9 12 14 15 17 18 | 18.0
Stealth        | 1 3 4 5 6 7 8 9 10 11 18 19 20 | 20.7
Short Blades   | 1 |  1.3
Fighting       | 4 5 6 7 8 10 11 12 13 14 15 16 17 18 19 20 21 22 23 | 23.5
Maces & Flails | 2 3 4 5 7 8 9 10 11 12 13 14 15 16 17 18 19 | 19.7
Shields        | 3 4 5 6 7 8 9 10 11 12 13 14 15 16 17 | 17.6
Invocations    | 1 2 3 4 5 6 7 8 9 10 | 10.0
Armour         | 3 4 5 6 7 8 9 10 11 12 13 14 15 16 17 | 17.6
Evocations     | 1 4 |  4.6
Ranged Weapons | 1 5 7 9 10 12 13 | 13.9
Polearms       | |  0.9

Action                   |  1- 3 |  4- 6 |  7- 9 | 10-12 | 13-15 | 16-18 | 19-21 | 22-24 | 25-27 || total
-------------------------+-------+-------+-------+-------+-------+-------+-------+-------+-------++-------
Melee: Flail             |     7 |       |     9 |    72 |       |       |       |       |       ||    88
       Dagger            |   128 |    11 |   310 |   249 |       |       |       |       |       ||   698
       Spear             |       |   109 |       |       |       |       |       |       |       ||   109
       Eveningstar       |       |       |       |   179 |   977 |  1423 |  1469 |  1413 |  1485 ||  6946
 Fire: Hand crossbow     |       |       |       |       |       |       |       |    13 |       ||    13
Throw: Throwing net      |       |       |       |       |       |     1 |       |       |       ||     1
Invok: Heroism           |       |       |     1 |    18 |    32 |    52 |    51 |    22 |    45 ||   221
       Finesse           |       |       |       |     2 |     4 |    17 |    12 |     7 |    18 ||    60
       Duel              |       |       |       |       |       |     1 |       |       |       ||     1
Evoke: Wand              |       |       |       |       |       |     2 |       |     1 |     2 ||     5
  Use: Potion            |     4 |       |     6 |     3 |       |    11 |     3 |     4 |    13 ||    44
       Scroll            |       |       |     6 |    15 |    10 |     8 |     4 |    12 |    11 ||    66
 Stab: Sleeping          |     3 |     8 |     7 |    27 |    48 |    45 |   101 |   129 |    29 ||   397
       Distracted        |       |       |       |     2 |     7 |     3 |    10 |    12 |     9 ||    43
       Invisible         |       |       |       |     1 |       |     1 |       |       |       ||     2
       Held in net/web   |       |       |       |       |       |     1 |       |       |       ||     1
Armor: Scale mail        |    48 |    47 |    58 |       |       |       |       |       |       ||   153
       Leather armour    |       |       |    62 |   138 |       |       |       |       |       ||   200
       Pearl dragon scal |       |       |       |    27 |   312 |   182 |   301 |   352 |   393 ||  1567
       Plate armour      |       |       |       |       |       |   251 |       |       |       ||   251
Dodge: Dodged            |    66 |    46 |   228 |   463 |   828 |  1028 |   882 |   987 |   920 ||  5448
Block: Buckler           |    33 |    19 |    82 |    56 |       |       |       |       |       ||   190
       Kite shield       |       |       |       |   335 |   979 |  1391 |  1158 |  1113 |  1000 ||  5976

Table legend: (Time is in decaauts)
 A = Elapsed time spent in this place.
 B = Non-inter-level travel time spent in this place.
 C = Inter-level travel time spent in this place.
 D = Time resting spent in this place.
 E = Time spent auto-exploring this place.
 F = Levels seen in this place.
 G = Mean time per level.
                   A        B        C        D        E       F      G
               +--------+--------+--------+--------+--------+-----+--------+
         Total |  71511 |  63402 |   8109 |   8691 |  38893 |  54 | 1324.3 |
       Dungeon |  18852 |  16768 |   2084 |   1247 |  12622 |  15 | 1256.8 |
        Temple |    101 |     84 |     17 |      0 |     76 |   1 |  101.0 |
          Lair |   7420 |   6938 |    482 |    127 |   5634 |   5 | 1484.0 |
         Swamp |   5612 |   3589 |   2023 |   2116 |      0 |   4 | 1403.0 |
     Snake Pit |   5038 |   4700 |    338 |    159 |   3427 |   4 | 1259.5 |
  Orcish Mines |   3288 |   3041 |    247 |   1084 |   1111 |   2 | 1644.0 |
   Elven Halls |   4380 |   4147 |    233 |    506 |   2645 |   3 | 1460.0 |
        Vaults |  13100 |  12152 |    948 |   2214 |   7501 |   5 | 2620.0 |
         Crypt |   5994 |   4840 |   1154 |    807 |   2329 |   3 | 1998.0 |
        Depths |   5394 |   5068 |    326 |     50 |   3546 |   4 | 1348.5 |
           Zot |   1415 |   1161 |    254 |    216 |      0 |   5 |  283.0 |
        Bazaar |    161 |    161 |      0 |      0 |      0 |   1 |  161.0 |
      Gauntlet |    720 |    720 |      0 |    151 |      0 |   1 |  720.0 |
         Arena |     30 |     30 |      0 |     14 |      0 |   1 |   30.0 |
               +--------+--------+--------+--------+--------+-----+--------+

Top non-repeatable levels by time:
Vaults:1: 4400 daAuts
 Crypt:3: 2800 daAuts
Vaults:2: 2568 daAuts
 Crypt:1: 2489 daAuts
 Swamp:4: 2433 daAuts
Vaults:3: 2256 daAuts
Vaults:4: 2137 daAuts
  Lair:5: 2083 daAuts
  Lair:4: 2025 daAuts
   Elf:2: 1983 daAuts
     D:9: 1891 daAuts
Vaults:5: 1736 daAuts
   Orc:1: 1705 daAuts
Depths:2: 1589 daAuts
   Orc:2: 1582 daAuts
